 Dungeon Crawl Stone Soup version 0.25-a0-290-g4a1327ee3a (webtiles) character file.

9494 septik the Severer (level 11, 105/105 HPs)
             Began as a Minotaur Berserker on June 9, 2018.
             Was a High Priest of Trog.
             Quit the game on level 10 of the Dungeon on Dec 14, 2019.
             The game lasted 00:40:36 (9551 turns).

septik the Severer (Minotaur Berserker)             Turns: 9551, Time: 00:40:36

Health: 105/105    AC: 17    Str: 25    XL:     11   Next: 23%
Magic:  10/10      EV:  9    Int:  7    God:    Trog [*****.]
Gold:   630        SH:  0    Dex: 10    Spells: 10/10 levels left

rFire    . . .     SeeInvis +   v - +0 war axe
rCold    . . .     Gourm    .   (no shield)
rNeg     . . .     Faith    .   G - +0 chain mail
rPois    .         Spirit   .   n - +2 hat
rElec    .         Reflect  .   j - +1 cloak
rCorr    .         Harm     .   K - +2 pair of gloves
MR       .....                  q - +0 pair of boots
Stlth    ..........             r - amulet of magic regeneration
HPRegen  0.27/turn              k - +3 ring of intelligence
MPRegen  0.37/turn              H - ring of see invisible

@: no status effects
A: retaliatory headbutt, horns 2
a: Berserk, Trog's Hand, Brothers in Arms, Renounce Religion


You were on level 10 of the Dungeon.
You worshipped Trog.
Trog was extremely pleased with you.
You were not hungry.

You visited 1 branch of the dungeon, and saw 10 of its levels.

You collected 630 gold pieces.

Inventory:

Hand Weapons
 a - a +0 hand axe
 v - a +0 war axe (weapon)
Missiles
 h - 277 stones (quivered)
 x - 5 silver boomerangs
 A - 3 javelins
Armour
 b - a +0 buckler
 j - a +1 cloak (worn)
 n - a +2 hat (worn)
 q - a +0 pair of boots (worn)
 s - a +0 ring mail
 u - a +0 pair of gloves
 C - a +0 plate armour
 G - a +0 chain mail (worn)
 K - a +2 pair of gloves (worn)
 O - a cursed +0 plate armour
Magical Staves
 D - an uncursed staff of air {unknown}
 I - an uncursed staff of poison {unknown}
Jewellery
 k - a +3 ring of intelligence (left hand)
 r - an amulet of magic regeneration (around neck)
 B - an uncursed amulet of the gourmand {unknown}
 H - a ring of see invisible (right hand)
 M - an uncursed ring of flight {unknown}
 R - a cursed ring of attention {unknown}
Wands
 y - a wand of clouds (5)
 E - a wand of iceblast (5)
 N - a wand of digging (15)
Scrolls
 f - 6 scrolls of teleportation
 g - 6 scrolls of identify
 i - a scroll of fog
 l - a scroll of magic mapping {unknown}
 m - a scroll of immolation
 t - 4 scrolls of remove curse
 w - a scroll of fear
 Q - a scroll of amnesia {unknown}
Potions
 d - 4 potions of heal wounds
 e - a potion of cancellation {unknown}
 o - 4 potions of curing
 p - a potion of invisibility {unknown}
 z - a potion of haste {unknown}
 F - 2 potions of brilliance {unknown}
 J - a potion of might {unknown}
 L - a potion of flight {unknown}
Comestibles
 c - 8 rations
 P - 11 chunks of flesh


   Skills:
 + Level 12.4 Fighting
 * Level 16.4 Axes
 - Level 2.4 Armour
 - Level 2.1 Dodging


You had 10 spell levels left.
You didn't know any spells.
Your spell library contained the following spells:

 Spells                   Type           Power        Failure   Level  Hunger
 Sandblast                Erth           #.....       97%         1    ##.....
 Summon Small Mammal      Summ           #...         97%         1    ##.....
 Call Imp                 Summ           #.......     99%         2    ###....
 Passwall                 Tmut/Erth      #.......     99%         2    ###....
 Call Canine Familiar     Summ           #.......     100%        3    ####...
 Stone Arrow              Conj/Erth      #.....       100%        3    ####...
 Summon Guardian Golem    Hex/Summ       #.......     100%        3    ####...
 Petrify                  Tmut/Erth      #.......     100%        4    #####..
 Summon Ice Beast         Ice/Summ       #.......     100%        4    #####..
 Summon Lightning Spire   Summ/Air       #.......     100%        4    #####..
 Lee's Rapid Deconstruct  Erth           #.........   100%        5    ######.


Dungeon Overview and Level Annotations

Branches:
Dungeon (10/15)            Temple (0/1) D:5            Lair (0/6) D:10
    Orc: D:9-12

Altars:
Ashenzari
Dithmenos
Sif Muna


Innate Abilities, Weirdness & Mutations

You reflexively headbutt those who attack you in melee.
You have a pair of horns on your head.


Message History

Welcome back, septik the Minotaur Berserker.
Trog says: Kill them all!
Press ? for a list of commands and other information.
Welcome back, septik the Minotaur Berserker.
Trog says: Kill them all!
Press ? for a list of commands and other information.
Welcome back, septik the Minotaur Berserker.
Trog says: Kill them all!
Press ? for a list of commands and other information.
Unknown command.
Quiver which item? (- for none, * to show all) (? for menu, Esc to quit)
Okay, then.
Quiver which item? (- for none, * to show all) (? for menu, Esc to quit)
That's the wrong kind of item! (Use * to select it.) Quiver which item? (- for none, * to show all) (? for menu, Esc to quit)
That's the wrong kind of item! (Use * to select it.) Quiver which item? (- for none, * to show all) (? for menu, Esc to quit)
Okay, then.
Unknown command.
Are you sure you want to abandon this character and quit the game? (Confirm with "yes".)

##.####.......#
#.###.## #.# #...####.#
#.# #... #.#
#...####.###.######
#.###..................
#................##.###
#..........#.###.##.# #
##[.>.....<#.# #.##.# #
####...####.# #.##.# #
#.@.# ##.###.##.# #
#...###...##.##.# #
######.#.#.#.##.###
#.##.##..##....
#.##...........
#.#####..######
##.###.#.# #
##...##.######
######.......


There were no monsters in sight!

Vanquished Creatures
  2 two-headed ogres (D:8)
  A cyclops (D:9)
  Psyche (D:9)
  A gargoyle (D:10)
  The ghost of xccam the Chopper, an amateur HuMo of Ru (D:3)
  2 hippogriffs
  A wyvern (D:9)
  13 yaks
  Edmund (D:6)
  2 hungry ghosts (D:10)
  A water moccasin (D:8)
  3 black bears
  3 orc warriors
  3 ice beasts
  A sky beast (D:6)
  6 ogres
  2 centaurs
  A big kobold (D:8)
  5 bullfrogs
  A wyvern zombie (D:9)
  2 scorpions
  11 killer bees (D:10)
  A howler monkey (D:6)
  5 crimson imps
  A centaur zombie (D:9)
  6 bullfrog zombies
  A centaur skeleton (D:6)
  5 hounds
  A jelly (D:10)
  A bullfrog skeleton (D:8)
  An orc priest (D:9)
  A quasit (D:7)
  Crazy Yiuf (D:2)
  8 orc wizards
  Jessica (D:9)
  4 iguanas
  A worker ant (D:9)
  A hound zombie (D:7)
  2 worker ant zombies
  A howler monkey skeleton (D:2)
  3 gnolls (D:4)
  13 adders
  An ooze (D:2)
  An adder zombie (D:5)
  A worm (D:3)
  A dart slug (D:4)
  4 leopard geckos
  51 orcs
  A ball python (D:3)
  8 bats
  5 giant cockroaches
  9 goblins
  4 hobgoblins
  14 jackals
  3 quokkas
  7 frilled lizards
  A jackal zombie (D:1)
  12 kobolds
  2 quokka zombies
  8 rats
  2 plants (D:5)
257 creatures vanquished.

Notes
Turn   | Place    | Note
-------+----------+-------------------------------------------
     0 | D:1      | septik the Minotaur Berserker began the quest for the Orb.
     0 | D:1      | Reached XP level 1. HP: 19/19 MP: 0/0
   152 | D:1      | HP: 1/20 [jackal (1)]
   156 | D:1      | Reached skill level 4 in Axes
   500 | D:1      | Reached XP level 2. HP: 24/27 MP: 1/1
  1104 | D:2      | Reached XP level 3. HP: 28/33 MP: 2/2
  1106 | D:2      | Reached ** piety under Trog
  1137 | D:2      | Reached skill level 5 in Axes
  1338 | D:2      | Reached XP level 4. HP: 34/41 MP: 3/3
  1605 | D:2      | Found a shadowy altar of Dithmenos.
  1708 | D:2      | Found a runed door.
  1712 | D:2      | Noticed Crazy Yiuf
  1715 | D:2      | Killed Crazy Yiuf
  1760 | D:3      | Reached skill level 6 in Axes
  1760 | D:3      | Reached XP level 5. HP: 31/47 MP: 4/4
  1837 | D:3      | Reached skill level 5 in Fighting
  1870 | D:3      | Noticed xccam's ghost (amateur HuMo)
  1887 | D:3      | Killed xccam's ghost
  1887 | D:3      | Reached skill level 7 in Axes
  1887 | D:3      | Reached XP level 6. HP: 57/57 MP: 5/5
  2865 | D:4      | Reached *** piety under Trog
  2865 | D:4      | Reached skill level 8 in Axes
  2987 | D:4      | Reached XP level 7. HP: 38/63 MP: 6/6
  3486 | D:5      | Entered Level 5 of the Dungeon
  3618 | D:5      | Found a staircase to the Ecumenical Temple.
  3768 | D:5      | Found a shattered altar of Ashenzari.
  4129 | D:6      | Received a gift from Trog
  4194 | D:6      | Noticed Edmund
  4202 | D:6      | Killed Edmund
  4202 | D:6      | Reached skill level 9 in Axes
  4315 | D:6      | Reached XP level 8. HP: 28/73 MP: 7/7
  4315 | D:6      | Reached skill level 10 in Axes
  5344 | D:7      | Reached skill level 11 in Axes
  5631 | D:7      | Upgraded the game from 0.22-a0-460-g49b1da7 to
                  | 0.22-a0-877-g5c4e1af
  5683 | D:7      | Reached XP level 9. HP: 65/82 MP: 8/8
  5739 | D:7      | Reached skill level 12 in Axes
  6040 | D:8      | Reached **** piety under Trog
  6135 | D:8      | Noticed a two-headed ogre
  6142 | D:8      | Killed a two-headed ogre
  6142 | D:8      | Reached skill level 10 in Fighting
  6142 | D:8      | Reached skill level 13 in Axes
  7053 | D:8      | Noticed a two-headed ogre
  7060 | D:8      | Killed a two-headed ogre
  7060 | D:8      | Reached skill level 14 in Axes
  7060 | D:8      | Reached XP level 10. HP: 94/94 MP: 9/9
  7404 | D:9      | Noticed Psyche
  7416 | D:9      | Killed Psyche
  7560 | D:9      | Noticed a cyclops
  7569 | D:9      | Killed a cyclops
  7651 | D:9      | Received a gift from Trog
  7670 | D:9      | Reached skill level 15 in Axes
  7935 | D:9      | Noticed Jessica
  8474 | D:9      | Found a deep blue altar of Sif Muna.
  8479 | D:9      | Killed Jessica
  8623 | D:10     | Entered Level 10 of the Dungeon
  8708 | D:10     | Reached XP level 11. HP: 84/104 MP: 10/10
  8763 | D:10     | Reached skill level 16 in Axes
  8766 | D:10     | Reached ***** piety under Trog
  9361 | D:10     | Found a staircase to the Lair.
  9551 | D:10     | Upgraded the game from 0.22-a0-877-g5c4e1af to
                  | 0.25-a0-290-g4a1327ee3a
  9551 | D:10     | Quit the game

Levels and vault maps discovered:
D:1:      saegor_arrival_fortress, kennysheep_small_spiral
D:2:      nicolae_dithmenos_through_a_glass_darkly, uniq_crazy_yiuf_cottage
D:3:      first_ration
D:5:      ashenzari_altar_1, minmay_temple_entry_overgrown,
          minmay_misc_feat_square, grunt_ministairs_1
D:6:      uniq_edmund
D:9:      tgw_sif, uniq_psyche
D:10:     lair_entry_dummy

Skill      XL: |  1  2  3  4  5  6  7  8  9 10 11 |
---------------+----------------------------------+-----
Axes           | 4 5 6 7 8 9 11 14 15 16 | 16.4
Fighting       | 4 5 6 7 8 10 12 | 12.4
Armour         | |  2.4
Dodging        | |  2.1

Action                   |  1- 3 |  4- 6 |  7- 9 | 10-12 || total
-------------------------+-------+-------+-------+-------++-------
Melee: Hand axe          |    84 |   121 |       |       ||   205
       Headbutt          |    14 |    22 |    75 |    54 ||   165
       War axe           |       |     7 |   306 |   204 ||   517
Invok: Berserk           |       |     4 |     4 |     4 ||    12
       Trog's Hand       |       |     2 |     1 |       ||     3
  Use: Scroll            |       |       |    10 |       ||    10
       Potion            |       |       |     2 |       ||     2
 Stab: Sleeping          |     1 |       |       |       ||     1
  Eat: Ration            |     1 |     1 |     2 |     1 ||     5
       Chunk             |       |     4 |    12 |     9 ||    25
Armor: Animal skin       |    24 |     8 |       |       ||    32
       Ring mail         |       |    47 |    30 |       ||    77
       Chain mail        |       |       |   136 |   105 ||   241
Dodge: Dodged            |    74 |    69 |   145 |    87 ||   375

Table legend:
 A = Non-vault XP
 B = Vault XP
 C = Vault XP percentage of total XP
 D = Non-vault monster count
 E = Vault monster count
 F = Vault count percentage of total count
                 A         B        C        D         E       F
            +---------+---------+-------+---------+---------+-------
      Total |   13564 |       0 |   0.0 |     255 |       0 |   0.0
            +---------+---------+-------+---------+---------+-------
        D:1 |      33 |       0 |   0.0 |      22 |       0 |   0.0
        D:2 |     120 |       0 |   0.0 |      25 |       0 |   0.0
        D:3 |     401 |       0 |   0.0 |      32 |       0 |   0.0
        D:4 |     211 |       0 |   0.0 |      23 |       0 |   0.0
        D:5 |      78 |       0 |   0.0 |      10 |       0 |   0.0
        D:6 |    1053 |       0 |   0.0 |      22 |       0 |   0.0
        D:7 |    1327 |       0 |   0.0 |      29 |       0 |   0.0
        D:8 |    2894 |       0 |   0.0 |      18 |       0 |   0.0
        D:9 |    4397 |       0 |   0.0 |      36 |       0 |   0.0
       D:10 |    3050 |       0 |   0.0 |      38 |       0 |   0.0
            +---------+---------+-------+---------+---------+-------
